 Dungeon Crawl Stone Soup version 0.24.1 (webtiles) character file.

Game seed: 16561005971685673342, levelgen mode: deterministic

22512 gosser the Carver (level 13, -9/99 HPs)
             Began as a Human Berserker on Apr 3, 2020.
             Was a High Priest of Trog.
             Engulfed by a cloud of flame (13 damage)
             ... on level 2 of the Spider Nest.
             The game lasted 02:16:30 (13437 turns).

gosser the Carver (Human Berserker)                Turns: 13437, Time: 02:16:30

Health: -9/99      AC: 19    Str: 21    XL:     13   Next: 28%
Magic:  13/13      EV: 15    Int:  8    God:    Trog [*****.]
Gold:   267        SH:  6    Dex: 16    Spells: 12/12 levels left

rFire    . . .     SeeInvis .   a - +7 Singing Sword {slice, sonic wave}
rCold    + . .     Gourm    .   p - +0 buckler {rC+}
rNeg     . . .     Faith    .   r - +2 ring mail {rPois}
rPois    +         Spirit   .   (no helmet)
rElec    +         Reflect  .   w - +2 cloak of Paranoia {*Drain rElec Regen+ Str+2}
rCorr    .         Harm     .   h - +1 pair of gloves
MR       .....                  l - +1 pair of boots
Stlth    +++.......             Y - amulet of the acrobat
HPRegen  0.66/turn              m - +3 ring of protection
MPRegen  0.13/turn              R - ring of stealth

@: no status effects
A: no striking features
a: Berserk, Trog's Hand, Brothers in Arms, Renounce Religion


You were on level 2 of the Spider Nest.
You worshipped Trog.
Trog was extremely pleased with you.
You were not hungry.

You visited 3 branches of the dungeon, and saw 13 of its levels.

You collected 694 gold pieces.
You spent 427 gold pieces at shops.

Inventory:

Hand Weapons
 a - the +7 Singing Sword (weapon) {slice, sonic wave}
   (You found it on level 4 of the Dungeon)

   It inflicts extra damage upon your enemies.
 b - the +1 whip "Buawuffov" {holy, +Inv rF+ Str-2 Dex+4}
   (You found it on level 6 of the Dungeon)

   It has been blessed by the Shining One to cause great damage to the undead
   and demons.
   It affects your strength (-2).
   It affects your dexterity (+4).
   It protects you from fire.
   It lets you turn invisible.
 g - a +3 great sword of slicing
 M - a +3 longbow
Missiles
 f - 13 boomerangs
 t - 13 poisoned darts (quivered)
 x - 7 throwing nets
 Z - 106 arrows
Armour
 h - a +1 pair of gloves (worn)
 l - a +1 pair of boots (worn)
 p - a +0 buckler of cold resistance (worn)
 r - a +2 ring mail of poison resistance (worn)
 w - the +2 cloak of Paranoia (worn) {*Drain rElec Regen+ Str+2}
   (You found it on level 7 of the Dungeon)

   It affects your strength (+2).
   It insulates you from electricity.
   It increases your rate of regeneration.
   It causes draining when unequipped.
Magical Staves
 H - an uncursed staff of cold
Jewellery
 m - a +3 ring of protection (left hand)
 n - an uncursed ring of positive energy
 o - an uncursed ring of see invisible
 R - a ring of stealth (right hand)
 Y - an amulet of the acrobat (around neck)
Wands
 i - a wand of flame (41)
 q - a wand of random effects (7)
 s - a wand of clouds (8)
 v - a wand of polymorph (6)
 O - a wand of iceblast (19)
 U - a wand of enslavement (4)
 W - a wand of paralysis (8)
Scrolls
 y - a scroll of immolation
 B - 4 scrolls of magic mapping
 I - a scroll of fog
 N - 4 scrolls of teleportation
 Q - 4 scrolls of remove curse
 S - 4 scrolls of blinking
 V - a scroll of fear
Potions
 u - 2 potions of invisibility
 z - a potion of haste
 A - a potion of resistance
 E - 2 potions of curing
 G - a potion of agility
 J - 3 potions of cancellation
 K - 2 potions of magic
 L - a potion of brilliance
 P - 2 potions of berserk rage
Comestibles
 F - 13 rations


   Skills:
 * Level 8.5 Fighting
   Level 4.8(9.4) Short Blades
 + Level 12.3(12.6) Long Blades
 + Level 8.1 Throwing
 + Level 7.5 Armour
 * Level 6.8 Dodging
 + Level 4.7 Stealth
 * Level 6.5 Shields
 + Level 0.1 Unarmed Combat
 + Level 0.9 Evocations


You had 12 spell levels left.
You didn't know any spells.
Your spell library contained the following spells:

 Spells                   Type           Power        Failure   Level  Hunger
 Animate Skeleton         Necr           N/A          54%         1    ##.....
 Confusing Touch          Hex            #.....       54%         1    ##.....
 Corona                   Hex            #......      54%         1    ##.....
 Magic Dart               Conj           #...         54%         1    ##.....
 Pain                     Necr           #...         54%         1    ##.....
 Searing Ray              Conj           #.....       69%         2    ###....
 Slow                     Hex            #.......     69%         2    ###....
 Confuse                  Hex            #.......     89%         3    ####...
 Dazzling Spray           Conj/Hex       #.....       89%         3    ####...
 Gell's Gravitas          Tloc           #.........   89%         3    ####...
 Inner Flame              Hex/Fire       #.......     89%         3    ####...
 Portal Projectile        Hex/Tloc       #.....       89%         3    ####...
 Regeneration             Chrm/Necr      #.........   89%         3    ####...
 Vampiric Draining        Necr           #.........   89%         3    ####...
 Animate Dead             Necr           N/A          100%        4    #####..
 Cause Fear               Hex            #.........   100%        4    #####..
 Force Lance              Conj/Tloc      #.......     100%        4    #####..
 Fulminant Prism          Conj/Hex       #.........   100%        4    #####..
 Iskenderun's Mystic Bla  Conj           #.......     100%        4    #####..
 Leda's Liquefaction      Hex/Erth       #.........   100%        4    #####..
 Petrify                  Tmut/Erth      #.......     100%        4    #####..
 Metabolic Englaciation   Hex/Ice        #.........   100%        5    ######.
 Yara's Violent Unravell  Hex/Tmut       #.........   100%        5    ######.


Dungeon Overview and Level Annotations

Branches:
Dungeon (9/15)             Temple (0/1) D:6            Lair (2/6) D:9
 Spider (2/4) Lair:2
  Swamp: Lair:2-4    Shoals: Lair:2-4       Orc: D:9-12

Altars:
Dithmenos
Elyvilon
Okawaru
Ru
Sif Muna
Uskayaw
Wu Jian
Xom

Shops:
D:5 [

Annotations:
D:5 Armor Shop
Lair:2 spider lair + items


Message History

The demonic crawler hits you but does no damage. x2
The demonic crawler misses you.
You slice the demonic crawler!!
The demonic crawler is severely wounded.
You are engulfed in blazing flames.
* * * LOW HITPOINT WARNING * * *
The demonic crawler is engulfed in blazing flames.
The demonic crawler hits you but does no damage.
You block the demonic crawler's attack. The demonic crawler closely misses you.
The wolf spider is engulfed in blazing flames.
You slice the wolf spider!!
The Singing Sword erupts into mad laughter!
You send a blast of sound all around you.
The wolf spider and the demonic crawler are blasted.
The wolf spider is severely wounded.
You kill the demonic crawler!
Trog accepts your kill.
The wolf spider is severely wounded.
You are engulfed in blazing flames.
You die...

#.^
######
..^
^...##
....
...%##..#
#§§##..#
#@§§.#
##s§.#
##☼☼#
#.§>#
#.%.##
##..%
##..#
##.s #..


You could see a wolf spider.

Vanquished Creatures
  Harold (D:7)
  3 death yaks (D:9)
  Nergalle (Lair:1)
  5 orb spiders
  6 wolf spiders
  4 spiny frogs
  A demonic crawler (Spider:2)
  A troll (D:4)
  9 jumping spiders
  3 hippogriffs
  29 redbacks (Spider:1)
  A vampire (D:9)
  4 tarantellas (Spider:1)
  A wyvern (Lair:1)
  9 yaks (D:9)
  2 water moccasins
  6 sky beasts
  A black bear (D:8)
  An ice beast (D:9)
  An eye of draining (D:8)
  3 ogres
  A phantom (D:6)
  A centaur (D:9)
  2 crocodiles (Lair:1)
  5 bullfrogs
  10 scorpions
  2 electric eels (D:6)
  2 howler monkeys
  3 crimson imps
  A centaur zombie (D:8)
  2 bullfrog zombies
  2 quasits
  8 hounds
  2 jellies
  A gnoll shaman (D:6)
  5 orc priests
  5 orc wizards
  Jessica (D:2)
  3 bullfrog skeletons
  An iguana (D:7)
  7 worker ants
  A worker ant zombie (D:6)
  12 adders
  6 gnolls
  4 shadow imps
  An ooze (D:1)
  3 worms
  An adder skeleton (D:5)
  2 dart slugs
  6 leopard geckos
  20 orcs
  5 giant cockroaches
  6 goblins
  4 hobgoblins
  10 jackals
  5 quokkas
  A ball python (D:3)
  18 bats
  2 frilled lizards
  8 kobolds
  A quokka zombie (D:9)
  13 rats
  2 plants (D:6)
287 creatures vanquished.

Vanquished Creatures (collateral kills)
  A scorpion (D:7)
  An electric eel (D:7)
  An orc priest (D:7)
  An orc wizard (D:7)
  A leopard gecko (D:7)
  An orc (D:7)
6 creatures vanquished.

Vanquished Creatures (others)
  An adder (D:7)
  A fungus (Spider:1)
  3 plants (D:6)
5 creatures vanquished.

Grand Total: 298 creatures vanquished

Notes
Turn   | Place    | Note
-------+----------+-------------------------------------------
     0 | D:1      | gosser the Human Berserker began the quest for the Orb.
     0 | D:1      | Reached XP level 1. HP: 18/18 MP: 1/1
    45 | D:1      | Reached XP level 2. HP: 20/24 MP: 2/2
   457 | D:1      | Reached XP level 3. HP: 9/29 MP: 3/3
   760 | D:1      | Reached ** piety under Trog
  1148 | D:2      | Noticed Jessica
  1164 | D:2      | Killed Jessica
  1164 | D:2      | Reached XP level 4. HP: 12/35 MP: 4/4
  1681 | D:2      | Reached skill level 4 in Long Blades
  1778 | D:2      | Reached XP level 5. HP: 17/42 MP: 5/5
  2202 | D:2      | Reached skill level 1 in Short Blades
  2401 | D:2      | Found a shimmering blue altar of Sif Muna.
  3150 | D:3      | Noticed Sigmund
  3169 | D:3      | HP: 1/42 [something (14)]
  3196 | D:3      | HP: 2/42 [Sigmund/magic dart (3)]
  3698 | D:3      | Noticed Sigmund
  3698 | D:3      | Sigmund changed into Sigmund the killer bee
  3708 | D:3      | Noticed Sigmund
  3708 | D:3      | Sigmund the killer bee changed into Sigmund the hound
  3734 | D:3      | Killed Sigmund the hound
  3734 | D:3      | Reached XP level 6. HP: 19/48 MP: 6/6
  4278 | D:4      | Noticed a troll
  4296 | D:4      | Killed a troll
  4296 | D:4      | Reached skill level 1 in Throwing
  4296 | D:4      | Reached skill level 1 in Stealth
  4296 | D:4      | Reached XP level 7. HP: 22/54 MP: 7/7
  4726 | D:4      | Reached *** piety under Trog
  5093 | D:4      | Found the +7 Singing Sword {slice, sonic wave}
  5143 | D:4      | Reached XP level 8. HP: 60/60 MP: 8/8
  5548 | D:4      | Found a shimmering altar of Xom.
  5548 | D:4      | Found an ornate altar of the Wu Jian Council.
  5696 | D:5      | Entered Level 5 of the Dungeon
  5999 | D:5      | Found Atziytz's Antique Armour Boutique.
  6002 | D:5      | Bought a glowing buckler for 142 gold pieces
  6355 | D:6      | Reached skill level 5 in Long Blades
  6426 | D:6      | Found a staircase to the Ecumenical Temple.
  6429 | D:6      | HP: 3/61 [poisoned by a water moccasin]
  6435 | D:6      | HP: 2/61 [poisoned by a water moccasin]
  6481 | D:6      | Reached skill level 1 in Shields
  6586 | D:6      | Reached **** piety under Trog
  6759 | D:6      | Reached XP level 9. HP: 66/66 MP: 9/9
  7916 | D:6      | Got an ivory whip
  7917 | D:6      | Identified the cursed +1 whip "Buawuffov" {holy, +Inv rF+
                  | Str-2 Dex+4} (You found it on level 6 of the Dungeon)
  8004 | D:6      | Reached skill level 6 in Long Blades
  8157 | D:7      | Reached skill level 5 in Fighting
  8262 | D:7      | Found an iron altar of Okawaru.
  8313 | D:7      | Noticed a hippogriff
  8321 | D:7      | Killed a hippogriff
  8321 | D:7      | Reached skill level 5 in Throwing
  8329 | D:7      | Noticed Harold
  8381 | D:8      | Found a shadowy altar of Dithmenos.
  8713 | D:8      | Found a sacrificial altar of Ru.
  8716 | D:8      | Found a white marble altar of Elyvilon.
  8724 | D:8      | Found a hide-covered altar of Uskayaw.
  8769 | D:8      | Reached XP level 10. HP: 74/74 MP: 10/10
  8843 | D:8      | Reached skill level 7 in Long Blades
  8955 | D:8      | Reached skill level 5 in Armour
  9416 | D:7      | Killed Harold
  9588 | D:7      | Reached skill level 8 in Long Blades
  9698 | D:5      | Bought an embroidered scarf for 152 gold pieces
  9703 | D:5      | Bought a runed ring mail for 133 gold pieces
 10230 | D:7      | Got a twisted cloak
 10241 | D:7      | Identified the +2 cloak of Paranoia {*Drain rElec Regen+
                  | Str+2} (You found it on level 7 of the Dungeon)
 10490 | D:9      | Noticed a death yak
 10490 | D:9      | Noticed a death yak
 10492 | D:9      | Found a staircase to the Lair.
 10494 | D:9      | Noticed a death yak
 10497 | D:9      | Killed a death yak
 10497 | D:9      | Reached skill level 5 in Dodging
 10497 | D:9      | Reached skill level 5 in Shields
 10497 | D:9      | Reached ***** piety under Trog
 10498 | D:9      | Killed a death yak
 10498 | D:9      | Reached XP level 11. HP: 81/81 MP: 11/11
 10504 | D:9      | Reached skill level 9 in Long Blades
 10504 | D:9      | Killed a death yak
 11169 | Lair:1   | Entered Level 1 of the Lair of Beasts
 11190 | Lair:1   | Reached skill level 10 in Long Blades
 11590 | Lair:1   | Noticed Nergalle
 11600 | Lair:1   | Killed Nergalle
 12196 | Lair:2   | Found a hole to the Spider Nest.
 12196 | Lair:2   | Noticed an orb spider
 12221 | Lair:2   | Killed an orb spider
 12221 | Lair:2   | Reached XP level 12. HP: 91/91 MP: 12/12
 12245 | Spider:1 | Entered Level 1 of the Spider Nest
 12273 | Spider:1 | Received a gift from Trog
 12273 | Spider:1 | Reached skill level 11 in Long Blades
 12531 | Spider:1 | Reached skill level 12 in Long Blades
 12557 | Spider:1 | Reached XP level 13. HP: 80/98 MP: 13/13
 13436 | Spider:2 | HP: 4/99 [cloud of flame (14)]
 13437 | Spider:2 | Engulfed by a cloud of flame

Levels and vault maps discovered:
D:1:      dpeg_arrival_houses_and_road, layout_rooms
D:2:      layout_basic, led_sif_pool, first_ration, serial_undead,
          serial_undead_b, serial_undead_e, serial_undead_e, serial_undead_d,
          uniq_jessica
D:3:      layout_basic, uniq_sigmund
D:4:      old_forge, layout_basic, gammafunk_temple_overflow_elements,
          serial_park_tiny_pond
D:5:      layout_cave_pools, serial_shops, kennysheep_mini_moat
D:6:      layout_basic, minmay_temple_entry_sparse_star, serial_bayou_lagoon_b
D:7:      layout_cave_pools, nicolae_overflow_crystal_walls,
          kennysheep_big_empty_room, uniq_harold
D:8:      layout_gridville, lemuel_crystal_altar, grunt_temple_overflow_diamond
D:9:      layout_big_octagon, dpeg_lair_monsters, grunt_ogre_cave
Lair:1:   layout_small_grid, grunt_megastairs_2, lemuel_fruit_tree,
          serial_bayou_shore_b, serial_bayou_shore_b, uniq_nergalle
Lair:2:   layout_loops_ring, nicolae_spider_entry_orb_guardian,
          infiniplex_staircase_pool_2
Spider:1: layout_spider_delve, hangedman_spider_mandibles, drop_trap,
          spiders_nest_spider_trap
Spider:2: layout_spider_delve, hangedman_spider_tarantella_strand

Skill      XL: |  1  2  3  4  5  6  7  8  9 10 11 12 13 |
---------------+----------------------------------------+-----
Long Blades    | 4 5 6 8 10 12 | 12.3
Short Blades   | 2 3 4 |  4.8
Dodging        | 3 4 5 6 |  6.8
Fighting       | 4 5 6 7 8 |  8.5
Throwing       | 1 2 3 5 6 7 8 |  8.1
Stealth        | 1 2 3 4 |  4.7
Shields        | 1 3 5 6 |  6.5
Armour         | 3 4 6 7 |  7.5
Unarmed Combat | |  0.1
Evocations     | |  0.9

Action                   |  1- 3 |  4- 6 |  7- 9 | 10-12 | 13-15 || total
-------------------------+-------+-------+-------+-------+-------++-------
Melee: Falchion          |    82 |    17 |       |       |       ||    99
       Short sword       |    11 |   260 |    76 |       |       ||   347
       Double sword      |       |       |   125 |   169 |    39 ||   333
       Unarmed           |       |       |     7 |       |       ||     7
       Dagger            |       |       |     4 |       |       ||     4
Throw: Stone             |     7 |       |       |       |       ||     7
       Dart              |       |    32 |    97 |    75 |    12 ||   216
       Boomerang         |       |       |       |    14 |       ||    14
Invok: Berserk           |     2 |     1 |     2 |     1 |       ||     6
       Brothers in Arms  |       |       |       |     1 |       ||     1
Evoke: Wand              |       |     3 |     7 |     2 |       ||    12
  Use: Potion            |     1 |       |     2 |     2 |     1 ||     6
       Scroll            |       |     4 |    19 |     7 |     4 ||    34
 Stab: Sleeping          |       |     1 |     2 |     4 |     1 ||     8
  Eat: Ration            |     1 |     3 |     5 |     4 |     1 ||    14
Armor: Animal skin       |    41 |    87 |    22 |       |       ||   150
       Leather armour    |       |    14 |       |       |       ||    14
       Scale mail        |       |       |    39 |    25 |       ||    64
       Ring mail         |       |       |       |    42 |    26 ||    68
Dodge: Dodged            |   101 |   169 |   101 |   100 |    35 ||   506
Block: Buckler           |       |       |    18 |    43 |    14 ||    75
       Rpst.: Falchion   |    27 |     3 |       |       |       ||    30
       Double sword      |       |       |    18 |    26 |    10 ||    54
